[Event "Titled Tuesday Blitz February 07 Late 2023"]
[White "Ansh M Shah"]
[Black "Osmonbekov, Talaibek"]
[WhiteFideId "25033379"]
[BlackFideId "2017253"]
[WhiteElo "2171"]
[BlackElo "2137"]
[Result "0-1"]
[Round "06"]
[TimeControl "180+2"]
[Date "2023.02.07"]
[WhiteClock "0:00:02"]
[BlackClock "0:00:24"]

1. d4 e6 2. c4 f5 3. Nc3 Bb4 4. Bd2 Nf6 5. a3 Bxc3 6. Bxc3 O-O 7. g3 Ne4 8. Rc1 d6 9. Bg2 Nxc3 10. Rxc3 e5 11. dxe5 dxe5 12. Qxd8 Rxd8 13. Bd5+ Kf8 14. Bg2 a5 15. e3 Na6 16. Ne2 a4 17. Rc2 Nc5 18. O-O Be6 19. f4 Rd3 20. fxe5 Rxe3 21. Nd4 Rxe5 22. Nxe6+ Nxe6 23. Bxb7 Rb8 24. Bc6 Nd4 25. Bxa4 Nxc2 26. Bxc2 Rxb2 27. Bxf5 Kg8 28. Bd7 Ra2 29. a4 h5 30. Bc6 Kh7 31. Rc1 Kg6 32. Rf1 Kg5 33. Rf2 Ree2 34. Rxe2 Rxe2 35. Bf3 Rc2 36. Bd5 Ra2 37. Bc6 Kg4 38. Bd7+ Kf3 39. Bc6+ Ke3 40. Be8 Kd4 41. Bb5 Kc5 42. Kh1 c6 43. Ba6 Rxa4 44. Bc8 Rxc4 45. Be6 Rc2 46. Bf7 h4 47. gxh4 Kd4 48. Bg6 Rd2 49. Kg1 c5 50. h3 c4 51. Kf1 c3 52. Ke1 Ke3 53. h5 Rh2 54. Kd1 Rxh3 55. Kc2 Kd4 56. Kb3 Rh2 57. Ka3 c2 58. Kb2 Kc4 59. Bf7+ Kb4 60. Bg6 Rg2 0-1


[Site "https://www.chess.com"]

[Event "Titled Tuesday Blitz February 07 Late 2023"]
[White "Alexikov, Alexander"]
[Black "Kovacs, Klara"]
[WhiteFideId "14103958"]
[BlackFideId "733210"]
[WhiteElo "2209"]
[BlackElo "2121"]
[Result "0-1"]
[Round "06"]
[TimeControl "180+2"]
[Date "2023.02.07"]
[WhiteClock "0:00:01"]
[BlackClock "0:01:41"]

1. e4 e6 2. d4 d5 3. Nc3 Nf6 4. e5 Nfd7 5. f4 c5 6. Nf3 Nc6 7. Be3 Be7 8. dxc5 O-O 9. Be2 Qa5 10. O-O Bxc5 11. Nd4 Nxd4 12. Bxd4 Bxd4+ 13. Qxd4 Qc5 14. Rad1 Qxd4+ 15. Rxd4 a6 16. a4 Rd8 17. Kf2 Nc5 18. Ke3 Bd7 19. b3 Rac8 20. Kd2 Ne4+ 21. Nxe4 dxe4 22. a5 e3+ 23. Kxe3 Rxc2 24. Rfd1 Rc3+ 25. Kf2 Rc7 26. b4 Kf8 27. b5 axb5 28. Bxb5 Ke7 29. h4 h5 30. R1d2 g6 31. g3 Ke8 32. Rd6 Ke7 33. Ke3 Rc3+ 34. Kf2 Rc7 35. Be2 Rcc8 36. Bf3 Bc6 37. Bxc6 bxc6 38. Rxd8 Rxd8 39. Rxd8 Kxd8 40. Ke3 c5 41. Kd3 Kc7 42. Kc4 Kc6 43. a6 Kb6 44. a7 Kxa7 45. Kxc5 Ka6 46. Kd6 Kb5 47. Ke7 Kc5 48. Kxf7 Kd5 49. Kxg6 Ke4 50. Kf6 Kf3 51. Kxe6 Kxg3 52. f5 Kxh4 53. f6 Kg3 54. f7 h4 55. f8=Q h3 56. Qh6 h2 0-1


[Site "https://www.chess.com"]

[Event "Titled Tuesday Blitz February 07 Late 2023"]
[White "Antonio, Jorge Carlos"]
[Black "Bouget, Alexandre"]
[WhiteFideId "113190"]
[BlackFideId "681318"]
[WhiteElo "2277"]
[BlackElo "2267"]
[Result "1-0"]
[Round "06"]
[TimeControl "180+2"]
[Date "2023.02.07"]
[WhiteClock "0:01:05"]
[BlackClock "0:00:03"]

1. d4 c6 2. Nf3 d5 3. Bf4 g6 4. e3 Bg7 5. h4 Bg4 6. c4 Nd7 7. Nc3 e5 8. dxe5 Nxe5 9. cxd5 Ne7 10. Bxe5 Bxe5 11. dxc6 Qa5 12. cxb7 Rd8 13. Qa4+ Qxa4 14. Nxa4 Bxf3 15. gxf3 O-O 16. f4 Bf6 17. Bg2 h5 18. O-O Nf5 19. Rfd1 Nxh4 20. Rxd8 Rxd8 21. Rc1 Kg7 22. Rc8 Rd1+ 23. Kh2 Rd2 24. Kg3 Nf5+ 25. Kf3 Nd6 26. b8=Q Bh4 27. e4 Nxc8 28. Qxc8 Rxf2+ 29. Ke3 Rxg2 30. Nc5 Rxb2 31. e5 Rxa2 32. Ke4 Re2+ 33. Kd5 Rd2+ 34. Kc6 Rc2 35. Kb5 Kh7 36. Qd7 Kg8 37. Qxa7 Bf2 38. Qa8+ Kg7 39. Nd7 h4 40. Nf6 1-0


[Site "https://www.chess.com"]

[Event "Titled Tuesday Blitz February 07 Late 2023"]
[White "Gatterer, Florian"]
[Black "Antonova, Nadezhda"]
[WhiteFideId "811688"]
[BlackFideId "14700182"]
[WhiteElo "2170"]
[BlackElo "1945"]
[Result "1-0"]
[Round "06"]
[TimeControl "180+2"]
[Date "2023.02.07"]
[WhiteClock "0:00:44"]
[BlackClock "0:00:01"]

1. e4 c6 2. d4 d5 3. e5 Bf5 4. Nf3 e6 5. Be2 Ne7 6. c3 Nd7 7. a4 c5 8. O-O Nc6 9. Na3 a6 10. Be3 c4 11. h3 Be7 12. Ne1 O-O 13. g4 Bg6 14. f4 Be4 15. Bf3 Bxa3 16. Rxa3 f5 17. Bxe4 dxe4 18. d5 exd5 19. Qxd5+ Kh8 20. Ng2 fxg4 21. hxg4 Qe8 22. Qxe4 Ndxe5 23. fxe5 Rxf1+ 24. Kxf1 Nxe5 25. Kg1 Nd3 26. Qxc4 Nxb2 27. Qb3 Rd8 28. Qxb2 Rd1+ 29. Kf2 Qf7+ 30. Nf4 Qf8 31. Qb4 Qe8 32. Ra2 Rd8 33. Re2 1-0


[Site "https://www.chess.com"]

[Event "Titled Tuesday Blitz February 07 Late 2023"]
[White "Lucassen, Mickey"]
[Black "Jesusesmifuerza"]
[WhiteFideId "12919110"]
[WhiteElo "2023"]
[BlackElo "2043"]
[Result "1-0"]
[Round "06"]
[TimeControl "180+2"]
[Date "2023.02.07"]
[WhiteClock "0:00:57"]
[BlackClock "0:00:08"]

1. d4 d5 2. c4 e6 3. Nf3 a6 4. cxd5 exd5 5. Nc3 Nf6 6. Bg5 Be6 7. e3 Nbd7 8. Bd3 h6 9. Bh4 g5 10. Bg3 Nh5 11. Rc1 c6 12. Ne2 Nxg3 13. Nxg3 Qf6 14. Qb3 Rb8 15. Nh5 Qe7 16. a3 Bg4 17. Ng3 Bxf3 18. gxf3 Bg7 19. Nf5 Qf6 20. Qb4 Bf8 21. Qa5 Bg7 22. Qc7 Rg8 23. Nd6+ Ke7 24. Nf5+ Ke8 25. Rc3 Qd8 26. Qd6 Bf8 27. Qg3 Qf6 28. Rb3 Be7 29. Qc7 1-0


[Site "https://www.chess.com"]

[Event "Titled Tuesday Blitz February 07 Late 2023"]
[White "Pinheiro, Iung Alicio de O."]
[Black "De Arruda, Leandro Formes"]
[WhiteFideId "2104350"]
[BlackFideId "22722009"]
[WhiteElo "2306"]
[BlackElo "1980"]
[Result "1-0"]
[Round "06"]
[TimeControl "180+2"]
[Date "2023.02.07"]
[WhiteClock "0:00:25"]
[BlackClock "0:00:03"]

1. e4 e6 2. d4 d5 3. e5 c5 4. c3 Nc6 5. Nf3 Qb6 6. Bd3 Bd7 7. O-O cxd4 8. Re1 h6 9. h4 a5 10. Bc2 Bc5 11. Re2 Nge7 12. Nbd2 dxc3 13. bxc3 Qa7 14. Nb3 Bb6 15. Ba3 a4 16. Nbd4 Bc5 17. Nb5 Qb6 18. Bxc5 Qxc5 19. Nc7+ Kd8 20. Nxa8 Qa7 21. Rb1 Qxa8 22. Bxa4 Qa5 23. c4 Kc7 24. Reb2 Rb8 25. cxd5 Nxd5 26. Bxc6 Bxc6 27. Nd4 Ba4 28. Qg4 g6 29. Qf3 b5 30. Qxf7+ Kd8 31. Nxe6+ Kc8 32. Rc1+ Nc3 33. Nc5 1-0


[Site "https://www.chess.com"]

[Event "Titled Tuesday Blitz February 07 Late 2023"]
[White "Stolz, Mike"]
[Black "Yedidia, Daniel"]
[WhiteFideId "4617134"]
[BlackFideId "30905907"]
[WhiteElo "2330"]
[BlackElo "2041"]
[Result "0-1"]
[Round "06"]
[TimeControl "180+2"]
[Date "2023.02.07"]
[WhiteClock "0:00:03"]
[BlackClock "0:01:13"]

1. e4 e5 2. Nf3 Nc6 3. Bb5 a6 4. Ba4 Nf6 5. O-O Be7 6. d3 b5 7. Bb3 O-O 8. c3 d6 9. a4 b4 10. h3 Rb8 11. a5 h6 12. Re1 Re8 13. Nbd2 Bf8 14. Nf1 Ne7 15. Ng3 c5 16. Nh4 Qc7 17. f4 exf4 18. Bxf4 g5 19. e5 gxf4 20. exf6 fxg3 21. Bxf7+ Kxf7 22. Qh5+ Kxf6 23. Rf1+ Bf5 24. Rxf5+ Nxf5 25. Qg6+ Ke7 26. Re1+ Kd7 27. Qxf5+ Kc6 28. Qf3+ d5 29. Rxe8 Rxe8 30. c4 Re1+ 0-1


[Site "https://www.chess.com"]

[Event "Titled Tuesday Blitz February 07 Late 2023"]
[White "Dushyant Sharma"]
[Black "Vaglio Munoz, Jaime"]
[WhiteFideId "25065130"]
[BlackFideId "6500145"]
[WhiteElo "2355"]
[BlackElo "2174"]
[Result "0-1"]
[Round "06"]
[TimeControl "180+2"]
[Date "2023.02.07"]
[WhiteClock "0:01:27"]
[BlackClock "0:01:21"]

1. e4 e6 2. d4 d5 3. exd5 exd5 4. Bd3 Bd6 5. Nf3 Ne7 6. O-O Bf5 7. c3 O-O 8. Re1 Bg6 9. Bg5 c6 10. Bxg6 hxg6 11. Nbd2 Qc7 12. Qc2 Re8 13. c4 dxc4 14. Nxc4 Bf4 15. Bxf4 Qxf4 16. Re4 Qf6 17. Rae1 Nd7 18. Qe2 Kf8 19. Nce5 Nb6 20. a4 Rad8 21. Ng4 Qd6 22. Ng5 Nbd5 23. Qf3 Nf5 24. Nh7+ Kg8 25. Rxe8+ Rxe8 26. Rxe8+ Kxh7 27. Qh3+ Nh6 28. Ne5 Nf4 29. Qxh6+ gxh6 30. Rh8+ Kg7 0-1


[Site "https://www.chess.com"]

[Event "Titled Tuesday Blitz February 07 Late 2023"]
[White "Sonnenschein, Philipp"]
[Black "Floresvillar Gonzalez, Luis Migu"]
[WhiteFideId "16250877"]
[BlackFideId "5100542"]
[WhiteElo "2224"]
[BlackElo "2043"]
[Result "1-0"]
[Round "06"]
[TimeControl "180+2"]
[Date "2023.02.07"]
[WhiteClock "0:00:35"]
[BlackClock "0:00:03"]

1. e4 c6 2. d4 d5 3. e5 Bf5 4. h4 h5 5. Bd3 Bxd3 6. Qxd3 e6 7. Bg5 Qa5+ 8. Nd2 Qa6 9. c4 dxc4 10. Nxc4 Bb4+ 11. Kf1 Nh6 12. Nf3 Nf5 13. g3 O-O 14. Kg2 Re8 15. a3 Bf8 16. Rac1 Nd7 17. Qe4 Nb6 18. Ne3 Nxe3+ 19. fxe3 Qe2+ 20. Kh3 Qxb2 21. Rcf1 Qe2 22. Bf4 Nd5 23. Ng5 g6 24. Rf3 Nc3 25. Rh2 Qxh2+ 26. Kxh2 Nxe4 27. Nxe4 Bg7 28. Bg5 b5 29. Nd6 Rf8 30. Be7 a5 31. Bxf8 Rxf8 32. Rf2 b4 33. axb4 axb4 34. Rc2 b3 35. Rxc6 Rb8 36. Rc1 b2 37. Rb1 Bf8 38. Nc4 Be7 39. Rxb2 Rc8 40. Nd6 Bxd6 41. exd6 Rd8 42. Rb6 f5 43. Kg2 Kf7 44. Kf3 Rd7 45. Kf4 Kf6 46. e4 fxe4 47. Kxe4 g5 48. hxg5+ Kxg5 49. Ke5 Kg4 50. Kxe6 Rh7 51. d7 Rh8 52. Rb3 Rh6+ 53. Ke7 Rh7+ 54. Kd6 Rh6+ 55. Kc7 Rh7 56. Kc8 1-0


[Site "https://www.chess.com"]

[Event "Titled Tuesday Blitz February 07 Late 2023"]
[White "Tobares, Leandro"]
[Black "Fiorito, Francisco"]
[WhiteFideId "106402"]
[BlackFideId "180165"]
[WhiteElo "2189"]
[BlackElo "2305"]
[Result "0-1"]
[Round "06"]
[TimeControl "180+2"]
[Date "2023.02.07"]
[WhiteClock "0:00:33"]
[BlackClock "0:01:23"]

1. d4 Nf6 2. Nf3 g6 3. g3 Bg7 4. Bg2 O-O 5. O-O d5 6. c4 c6 7. Nc3 dxc4 8. Ne5 Nd5 9. Nxc4 Nxc3 10. bxc3 Nd7 11. Rb1 Nb6 12. Ne3 Be6 13. a4 Qd7 14. a5 Nd5 15. Nxd5 Bxd5 16. e4 Bc4 17. Re1 Rfd8 18. Rb4 Ba6 19. Qb3 e6 20. Be3 Bf8 21. Ra4 Rac8 22. Bf1 Bxf1 23. Rxf1 c5 24. dxc5 Bxc5 25. Bxc5 Rxc5 26. Rb4 Rc7 27. Rd4 Qe8 28. Rfd1 Rdc8 29. c4 h5 30. e5 Qc6 31. Qe3 Re7 32. g4 hxg4 33. Rxg4 Rd7 34. Re1 Qc5 35. Qh6 Qxa5 36. Rf1 Qxe5 37. Rh4 Qg7 38. Qe3 b6 39. Re4 Rcd8 40. c5 bxc5 41. Qxc5 Qf6 42. Qe3 Rd1 43. Rf4 Qg5+ 44. Qg3 0-1


[Site "https://www.chess.com"]

[Event "Titled Tuesday Blitz February 07 Late 2023"]
[White "Ramirez Allo, Eduardo"]
[Black "Ardila, Oscar Humberto"]
[WhiteFideId "2224178"]
[BlackFideId "4404742"]
[WhiteElo "2274"]
[BlackElo "1982"]
[Result "1-0"]
[Round "06"]
[TimeControl "180+2"]
[Date "2023.02.07"]
[WhiteClock "0:00:22"]
[BlackClock "0:00:24"]

1. d4 Nf6 2. c4 g6 3. Nf3 Bg7 4. g3 d6 5. Bg2 Nbd7 6. O-O O-O 7. Nc3 c6 8. e4 Qc7 9. h3 e5 10. Be3 Re8 11. Qc2 Nf8 12. Rad1 Ne6 13. Rfe1 Bd7 14. b3 Rad8 15. Qb2 Bc8 16. d5 cxd5 17. Nxd5 Nxd5 18. cxd5 Nc5 19. Rc1 Qe7 20. Qb1 a5 21. Nd2 b5 22. Bf1 Bd7 23. b4 axb4 24. Qxb4 Bf8 25. Nb3 Nxb3 26. axb3 Rb8 27. Rc7 Rec8 28. Rec1 Qd8 29. Qa5 Rxc7 30. Qxc7 f5 31. f3 b4 32. Qxd8 Rxd8 33. Rc7 Be8 34. Rb7 Rc8 35. Rxb4 Rc2 36. Rb8 Kf7 37. Rb7+ Kg8 38. b4 Rc1 39. Bxc1 fxe4 40. fxe4 h5 41. b5 1-0


[Site "https://www.chess.com"]

[Event "Titled Tuesday Blitz February 07 Late 2023"]
[White "Liu, Leonardo"]
[Black "Villarreal, Agustin"]
[WhiteFideId "30965780"]
[BlackFideId "125687"]
[WhiteElo "1919"]
[BlackElo "2299"]
[Result "1-0"]
[Round "06"]
[TimeControl "180+2"]
[Date "2023.02.07"]
[WhiteClock "0:01:14"]
[BlackClock "0:00:36"]

1. e4 e5 2. Nf3 Nc6 3. Bc4 Nf6 4. d3 d5 5. exd5 Nxd5 6. c3 Bc5 7. Qb3 Be6 8. Qxb7 Na5 9. Qb5+ c6 10. Qxc5 Rc8 11. O-O Nb7 12. Qxa7 Rc7 13. Nxe5 O-O 14. Bxd5 Bxd5 15. Qe3 Re7 16. Qg3 Nd6 17. d4 f6 18. Ng4 f5 19. Ne5 Ne4 20. Qd3 f4 21. Nd2 Nxd2 22. Bxd2 f3 23. g3 Qc8 24. Rfe1 Re6 25. c4 Rh6 26. cxd5 Qh3 27. Nxf3 Rhf6 28. Ng5 Qh5 29. Rf1 h6 30. Qh7# 1-0


[Site "https://www.chess.com"]

[Event "Titled Tuesday Blitz February 07 Late 2023"]
[White "Garcia Almaguer, Juan Manuel"]
[Black "Tarnowska, Aleksandra"]
[WhiteFideId "5110491"]
[BlackFideId "1180967"]
[WhiteElo "2090"]
[BlackElo "1835"]
[Result "1-0"]
[Round "06"]
[TimeControl "180+2"]
[Date "2023.02.07"]
[WhiteClock "0:01:21"]
[BlackClock "0:00:02"]

1. e4 c5 2. Nf3 e6 3. d4 cxd4 4. Nxd4 a6 5. c4 Nf6 6. Nc3 Bb4 7. e5 Qa5 8. exf6 Bxc3+ 9. bxc3 Qxc3+ 10. Ke2 Qxa1 11. fxg7 Qxa2+ 12. Kf3 Rg8 13. Bh6 Nc6 14. Nxc6 Qa3+ 15. Qd3 Qxd3+ 16. Bxd3 bxc6 17. Bxh7 Rxg7 18. Bxg7 Ke7 19. Rb1 d6 20. Be4 Bd7 21. Rb7 d5 22. Bd3 a5 23. c5 a4 24. Bb1 f6 25. Bxf6+ Kxf6 26. Rxd7 a3 27. Ba2 Ke5 28. Ke3 Rh8 29. Rf7 Rb8 30. f4# 1-0


[Site "https://www.chess.com"]

[Event "Titled Tuesday Blitz February 07 Late 2023"]
[White "Sailer, Mike"]
[Black "Prieto Aranguren, Alain"]
[WhiteFideId "2012901"]
[BlackFideId "2268906"]
[WhiteElo "2109"]
[BlackElo "2258"]
[Result "0-1"]
[Round "06"]
[TimeControl "180+2"]
[Date "2023.02.07"]
[WhiteClock "0:00:04"]
[BlackClock "0:00:24"]

1. d4 g6 2. Nf3 Bg7 3. Bf4 c5 4. e3 cxd4 5. exd4 d5 6. c3 Nf6 7. Bd3 O-O 8. h3 Nc6 9. O-O Nh5 10. Bh2 Bh6 11. Re1 Nf4 12. Bf1 Bf5 13. Na3 Be4 14. Nc2 e6 15. Ne3 f5 16. Nd2 Nd3 17. Bxd3 Bxd3 18. Nf3 Be4 19. Ne5 f4 20. N3g4 Nxe5 21. Nxh6+ Kg7 22. dxe5 Kxh6 23. Qd2 g5 24. h4 Kg6 25. Rad1 h6 26. c4 Qe7 27. cxd5 Bxd5 28. Qc2+ Kg7 29. Rc1 Rac8 30. Qxc8 Rxc8 31. Rxc8 Qb4 32. Rec1 gxh4 33. R8c7+ Kg6 34. f3 h3 35. gxh3 Qd4+ 36. Kf1 Bxf3 37. Bg1 Qd3+ 38. Kf2 Qe2# 0-1


[Site "https://www.chess.com"]

[Event "Titled Tuesday Blitz February 07 Late 2023"]
[White "Curtis, John"]
[Black "Gonzalez, Francisco Silva"]
[WhiteFideId "3200256"]
[BlackFideId "1512285"]
[WhiteElo "2292"]
[BlackElo "2021"]
[Result "1-0"]
[Round "06"]
[TimeControl "180+2"]
[Date "2023.02.07"]
[WhiteClock "0:01:31"]
[BlackClock "0:01:49"]

1. e4 e5 2. Nf3 Nc6 3. d4 exd4 4. Nxd4 Bc5 5. Be3 Qf6 6. c3 Nge7 7. Be2 d5 8. Nxc6 Bxe3 9. fxe3 Qh4+ 10. Kd2 bxc6 11. exd5 Nxd5 12. Qe1 Qh6 13. Qg3 Rb8 14. b3 O-O 15. Bc4 Rd8 16. Bxd5 Rxd5+ 17. Kc1 Bf5 18. Rd1 Rxd1+ 19. Kxd1 Rd8+ 20. Kc1 Rd6 21. Qe5 Be6 22. Nd2 f6 23. Qc5 Qh5 24. Qxh5 1-0


[Site "https://www.chess.com"]

[Event "Titled Tuesday Blitz February 07 Late 2023"]
[White "Balog, Imre"]
[Black "Rose, Felix"]
[WhiteFideId "728446"]
[BlackFideId "5105722"]
[WhiteElo "2615"]
[BlackElo "2091"]
[Result "0-1"]
[Round "06"]
[TimeControl "180+2"]
[Date "2023.02.07"]
[WhiteClock "0:00:02"]
[BlackClock "0:00:21"]

1. e4 e5 2. f4 exf4 3. Nf3 Nf6 4. Nc3 d5 5. exd5 Nxd5 6. Nxd5 Qxd5 7. Be2 Bf5 8. d3 Bd6 9. O-O Nc6 10. Nh4 Be6 11. Kh1 g5 12. c4 Qd4 13. Nf3 Qg7 14. Qb3 O-O-O 15. Qb5 g4 16. Ng5 Nd4 17. Nxe6 fxe6 18. Qa5 Nxe2 19. Qxa7 Qh6 20. Qa8+ Kd7 21. Qa4+ c6 22. b4 Ng3+ 23. Kg1 Nxf1 24. Kxf1 Qxh2 25. Qa7 Qh1+ 26. Qg1 Qxg1+ 27. Kxg1 Bxb4 28. Bxf4 Bc5+ 29. Kh2 Rdf8 30. Be5 Rhg8 31. d4 Bd6 32. Rd1 Rf5 33. c5 Bxe5+ 34. dxe5+ Kc7 35. Re1 Rgg5 36. Kg3 Rxe5 37. Rh1 h5 0-1


[Site "https://www.chess.com"]

[Event "Titled Tuesday Blitz February 07 Late 2023"]
[White "Desideri, Ricardo Maruchi"]
[Black "Alfaro, William"]
[WhiteFideId "2110440"]
[BlackFideId "6100457"]
[WhiteElo "1959"]
[BlackElo "2134"]
[Result "0-1"]
[Round "06"]
[TimeControl "180+2"]
[Date "2023.02.07"]
[WhiteClock "0:00:09"]
[BlackClock "0:01:06"]

1. e4 c5 2. Nf3 Nc6 3. d4 cxd4 4. Nxd4 Nf6 5. Nc3 d6 6. Be2 Bd7 7. Be3 g6 8. f3 Bg7 9. Qd2 O-O 10. g4 Qa5 11. O-O-O Rfc8 12. Kb1 a6 13. h4 h5 14. Rdg1 Ne5 15. gxh5 Nxh5 16. f4 Nc4 17. Bxc4 Rxc4 18. Rg5 e5 19. Rxh5 gxh5 20. Rg1 Kf8 21. Nf5 Bxf5 22. Qxd6+ Kg8 23. fxe5 Bg4 24. Nd5 Rxe4 25. Nf6+ Bxf6 26. Qxf6 Qxe5 0-1


[Site "https://www.chess.com"]

[Event "Titled Tuesday Blitz February 07 Late 2023"]
[White "Castillo Pena, Patricia Evarista"]
[Black "Fathy, Elameir"]
[WhiteFideId "6412106"]
[BlackFideId "10600396"]
[WhiteElo "1783"]
[BlackElo "2300"]
[Result "1-0"]
[Round "06"]
[TimeControl "180+2"]
[Date "2023.02.07"]
[WhiteClock "0:00:07"]
[BlackClock "0:00:13"]

1. d4 d5 2. Nf3 Nf6 3. e3 c5 4. b3 cxd4 5. exd4 Nc6 6. Bb2 Bg4 7. Be2 e6 8. O-O Bd6 9. Nbd2 O-O 10. h3 Bh5 11. a3 Rc8 12. Rc1 Qe7 13. b4 Rfd8 14. Re1 Bb8 15. Ne5 Bxe2 16. Qxe2 Nxe5 17. dxe5 Nd7 18. f4 Nb6 19. c4 dxc4 20. Nxc4 Nd5 21. Nd6 Bxd6 22. exd6 Qxd6 23. Qg4 Qf8 24. f5 Rxc1 25. Rxc1 exf5 26. Qxf5 f6 27. Rd1 Nc7 28. Qc2 Rxd1+ 29. Qxd1 Qe7 30. Qb3+ Qe6 31. Qc2 Qc6 32. Qb3+ Qd5 33. Qc2 Qc6 34. Qb3+ Ne6 35. b5 Qc5+ 36. Kh2 Kf7 37. a4 Qd6+ 38. Kh1 h6 39. Ba3 Qd7 40. Qc2 Ke8 41. Qg6+ Qf7 42. Qd3 Qd7 43. Qg6+ Qf7 44. Qd3 h5 45. h4 Qd7 46. Qg6+ Qf7 47. Qd3 g6 48. Qc2 Kd8 49. Qd3+ Kc8 50. Qc4+ Nc7 51. Qxf7 b6 52. Qf8+ Kb7 53. Qxf6 a6 54. Qxg6 axb5 55. Qe4+ Ka7 56. axb5 Nxb5 57. Qe7+ Ka6 58. Qb4 Nc7 59. Qe7 Kb7 60. Qh7 Kb8 61. Qxh5 b5 62. Qh8+ Kb7 63. Bd6 b4 64. Qg7 Kb8 65. Qxc7+ Ka8 66. Qc8+ Ka7 67. Qc7+ Ka6 68. Qc6+ Ka5 69. Qc7+ Ka4 70. Qa7+ Kb3 71. Qb6 Kc3 72. Qxb4+ Kc2 73. Qa4+ Kb2 74. h5 Kb1 75. h6 Kb2 76. h7 Kc1 77. h8=Q Kd2 78. Qad4+ Kc2 79. Qh6 Kb3 80. Qe6+ Kc2 81. Qec4+ Kb1 82. Qb3+ Kc1 83. Qdc3# 1-0


[Site "https://www.chess.com"]

[Event "Titled Tuesday Blitz February 07 Late 2023"]
[White "Sadovsky, Artem"]
[Black "Marcolino, Daniel Mattos"]
[WhiteFideId "4155840"]
[BlackFideId "2106841"]
[WhiteElo "2276"]
[BlackElo "2006"]
[Result "1-0"]
[Round "06"]
[TimeControl "180+2"]
[Date "2023.02.07"]
[WhiteClock "0:01:55"]
[BlackClock "0:00:13"]

1. Nf3 d5 2. e3 Nf6 3. c4 e6 4. b3 Be7 5. Bb2 O-O 6. Be2 b6 7. O-O Bb7 8. d3 Nbd7 9. Nbd2 c5 10. Qc2 Rc8 11. cxd5 exd5 12. e4 dxe4 13. dxe4 Re8 14. Rad1 Qc7 15. e5 Nd5 16. Nc4 Nf8 17. Qf5 Ne6 18. Nd6 Bxd6 19. exd6 Qxd6 20. Ne5 Qe7 21. Bh5 Nf6 22. Bxf7+ Kh8 23. Rd7 Nxd7 24. Ng6+ hxg6 25. Qh3+ Qh4 26. Qxh4# 1-0


[Site "https://www.chess.com"]

[Event "Titled Tuesday Blitz February 07 Late 2023"]
[White "Slavin, Alexey"]
[Black "Souza, Gustavo Horokoski De"]
[WhiteFideId "24104388"]
[BlackFideId "2146584"]
[WhiteElo "2364"]
[BlackElo "1943"]
[Result "0-1"]
[Round "06"]
[TimeControl "180+2"]
[Date "2023.02.07"]
[WhiteClock "0:00:01"]
[BlackClock "0:00:05"]

1. e4 e6 2. Nf3 d5 3. e5 c5 4. b4 cxb4 5. a3 b3 6. cxb3 Nc6 7. d4 f6 8. Bb2 fxe5 9. dxe5 Bd7 10. Bd3 Nge7 11. O-O g6 12. Re1 Bg7 13. h4 Nf5 14. h5 O-O 15. hxg6 hxg6 16. Nbd2 Rf7 17. b4 a6 18. Rc1 Nh4 19. Qc2 Nxf3+ 20. Nxf3 Rxf3 21. gxf3 Qg5+ 22. Kf1 Rf8 23. Bxg6 Rxf3 24. Bh7+ Kf8 25. Qe2 Rh3 26. Qc2 Rh1+ 27. Ke2 Qh5+ 28. Kd2 Bh6+ 29. Kc3 Rh3+ 30. Bd3 Bxc1 31. Bxc1 Nxe5 32. Rxe5 Qxe5+ 33. Kb3 Bb5 34. Qc8+ Ke7 35. Qxb7+ Kf6 36. Bb2 Rxd3+ 37. Ka2 d4 38. Qg2 Qd5+ 39. Qxd5 exd5 40. Kb1 Rd2 41. Kc1 Rxf2 42. Bxd4+ Kf5 43. Bc5 Rf1+ 44. Kd2 Rf3 45. Kc2 Rd3 46. a4 Bc4 47. b5 axb5 48. a5 b4 49. Bxb4 Rb3 50. Bc3 Ke4 0-1


[Site "https://www.chess.com"]

[Event "Titled Tuesday Blitz February 07 Late 2023"]
[White "Winkels, Marcel"]
[Black "Mohammadian, Mohammad"]
[WhiteFideId "1003887"]
[BlackFideId "12566055"]
[WhiteElo "1960"]
[BlackElo "1398"]
[Result "1-0"]
[Round "06"]
[TimeControl "180+2"]
[Date "2023.02.07"]
[WhiteClock "0:01:16"]
[BlackClock "0:00:04"]

1. e4 e5 2. Nf3 Nc6 3. Bb5 a6 4. Bxc6 dxc6 5. O-O Bg4 6. h3 Bxf3 7. Qxf3 Nf6 8. d3 Be7 9. Nd2 b5 10. b3 O-O 11. Bb2 Bd6 12. Qg3 Kh8 13. Bxe5 Re8 14. Bxd6 cxd6 15. Nf3 h6 16. Nd4 Qd7 17. Nf5 Rg8 18. Qxd6 Qxd6 19. Nxd6 Rgf8 20. f4 a5 21. e5 Nd5 22. a4 b4 23. Rfe1 Nxf4 24. Re4 Ne6 25. Rf1 c5 26. Rxf7 Nd4 27. e6 Nxc2 28. e7 Rxf7 29. Nxf7+ Kg8 30. Nd6 Nd4 31. Rxd4 cxd4 32. e8=Q+ Rxe8 33. Nxe8 Kf7 34. Nc7 Ke7 35. Nb5 Ke6 36. Nxd4+ Kd5 37. Nb5 Kc5 38. Kf2 g5 39. Ke3 h5 40. Ke4 g4 41. hxg4 hxg4 42. d4+ Kc6 43. d5+ Kc5 44. d6 Kc6 45. Kf4 Kc5 46. Kxg4 1-0


[Site "https://www.chess.com"]

[Event "Titled Tuesday Blitz February 07 Late 2023"]
[White "Womacka, Mathias"]
[Black "Zampronha, Wladimir Camilo"]
[WhiteFideId "4611390"]
[BlackFideId "2103087"]
[WhiteElo "2396"]
[BlackElo "2176"]
[Result "1-0"]
[Round "06"]
[TimeControl "180+2"]
[Date "2023.02.07"]
[WhiteClock "0:00:07"]
[BlackClock "0:00:12"]

1. e4 c5 2. Nf3 e6 3. d4 cxd4 4. Nxd4 Nc6 5. Nc3 Qc7 6. Be2 a6 7. O-O Nf6 8. Be3 Bb4 9. Na4 O-O 10. c4 Be7 11. Nc3 d6 12. Rc1 Nxd4 13. Bxd4 Bd7 14. f4 e5 15. Be3 Bc6 16. Nd5 Bxd5 17. cxd5 Qa5 18. fxe5 dxe5 19. Bf3 Rac8 20. Qb3 b5 21. Rc6 Rxc6 22. dxc6 Rc8 23. Qc2 Qxa2 24. c7 Bd6 25. Bb6 Qe6 26. Rc1 Nd7 27. Ba5 Bc5+ 28. Kh1 Bd4 29. h3 Qd6 30. Bg4 g6 31. Qc6 Qxc6 32. Rxc6 f5 33. exf5 Bb6 34. Bxb6 Nxb6 35. Rxb6 Rxc7 36. fxg6 hxg6 37. Rxg6+ Kf7 38. Rxa6 Rc2 39. b3 e4 40. Rb6 Rc5 41. Be2 Rc2 42. Bxb5 e3 43. Bc4+ Ke7 44. Re6+ Kd7 45. Rxe3 Kd6 46. Kh2 Kc5 47. h4 Kb4 48. h5 Rc3 49. Rxc3 Kxc3 50. h6 1-0


[Site "https://www.chess.com"]

[Event "Titled Tuesday Blitz February 07 Late 2023"]
[White "rikchessmx"]
[Black "ritanovikova"]
[WhiteElo "2230"]
[BlackElo "2226"]
[Result "0-1"]
[Round "06"]
[TimeControl "180+2"]
[Date "2023.02.07"]
[WhiteClock "0:01:26"]
[BlackClock "0:01:29"]

1. e4 d5 2. exd5 Qxd5 3. Nc3 Qd6 4. Bc4 Nf6 5. d3 Bg4 6. f3 Bh5 7. g4 Bg6 8. Qe2 e6 9. f4 Be7 10. Bd2 c6 11. O-O-O Nbd7 12. h3 O-O-O 13. Nf3 Qc7 14. Rhe1 Bd6 15. Ne5 Bxe5 16. fxe5 Nd5 17. Kb1 N7b6 18. Bb3 Nxc3+ 19. Bxc3 Nd5 20. Bd2 h5 21. Bg5 Rd7 22. c4 Nb4 23. Bc2 Qa5 24. a3 Nxc2 25. Qxc2 hxg4 26. hxg4 Rh3 27. Re3 Rxe3 28. Bxe3 Qxe5 29. Bxa7 Qg3 30. Ka2 Qxg4 31. Qc3 Qxd1 32. Qxg7 Qxd3 33. Qf8+ Rd8 34. Qc5 Qb1+ 35. Kb3 Bc2+ 36. Kc3 Rd3+ 37. Kb4 Qxb2+ 0-1


[Site "https://www.chess.com"]

[Event "Titled Tuesday Blitz February 07 Late 2023"]
[White "Barash, Anton"]
[Black "Von Buelow, Georg"]
[WhiteFideId "30935229"]
[BlackFideId "4620658"]
[WhiteElo "2074"]
[BlackElo "2345"]
[Result "1-0"]
[Round "06"]
[TimeControl "180+2"]
[Date "2023.02.07"]
[WhiteClock "0:00:35"]
[BlackClock "0:00:03"]

1. e4 c5 2. Nf3 Nc6 3. d4 cxd4 4. Nxd4 Nf6 5. Nc3 e5 6. Ndb5 d6 7. Bg5 a6 8. Na3 b5 9. Nd5 Be7 10. Bxf6 Bxf6 11. c3 O-O 12. Nc2 Bg5 13. a4 bxa4 14. Rxa4 a5 15. Bc4 Rb8 16. b3 Kh8 17. Nce3 g6 18. h4 Bxh4 19. g3 Bg5 20. f4 exf4 21. gxf4 Bf6 22. Ra2 Kg7 23. Nf5+ Bxf5 24. exf5 Re8+ 25. Kf1 Rh8 26. Qg4 h5 27. Qf3 Rc8 28. fxg6 fxg6 29. Rg2 Rh6 30. Rxh5 Ne7 31. Rxh6 Kxh6 32. Nxf6 Kg7 33. Nd5 Nxd5 34. Qxd5 Qf6 35. Qb7+ 1-0


[Site "https://www.chess.com"]